[Event "*** SCC Grand Prix: Titled Tuesday Blitz"]
[Site "Chess.com"]
[Date "2020.09.29"]
[Round "2"]
[White "slowdgehammer"]
[Black "Arjun2002"]
[Result "0-1"]
[WhiteElo "2344"]
[BlackElo "2681"]
[TimeControl "180+1"]
[EndTime "10:16:34 PDT"]
[Termination "Arjun2002 won by resignation"]

1. e4 c5 2. Nf3 d6 3. c3 Nf6 4.
Bd3 g6 5. h3 Bg7 6. O-O O-O 7.
Re1 Nc6 8. Bc2 e5 9. Bb3 Re8 10.
a4 Be6 11. d3 h6 12. Nbd2 d5 13. exd5 Nxd5 14. Nc4 Qc7 15. Qe2 f6 16. Bd2 Rad8 17. Rad1 Bf7 18. Bc1 Kh7 19. Qc2 b6 20. Ne3 Nf4 21.
Nc4 Ne6 22. Ba2 Qc8 23. Bb1 Rd7 24. Nh4 Nf8 25. Qb3 Na5 26. Qa2 Nxc4 27. dxc4 Rxd1 28. Rxd1 Rd8 29. Re1 f5 30. b3 e4 31. Qc2 g5 32.
Nxf5 Qxf5 33. Qe2 Bg6 34. Bd2 Ne6 35. g4 Qe5 36. Kg2 Nf4+ 37. Bxf4 Qxf4 38. Bxe4 Qxe4+ 39. Qxe4 Bxe4+ 40. Rxe4 Rd3 41. Re7 Rxc3 42. Rxa7 Rxb3 43.
Rb7 Rb4 44. Kf3 Rxa4 0-1

[Event "*** SCC Grand Prix: Titled Tuesday Blitz"]
[Site "Chess.com"]
[Date "2020.09.29"]
[Round "2"]
[White "freshfoodcompany"]
[Black "Karacsonyi_Gellert"]
[Result "0-1"]
[WhiteElo "2396"]
[BlackElo "2683"]
[TimeControl "180+1"]
[EndTime "10:16:35 PDT"]
[Termination "Karacsonyi_Gellert won on time"]

1. d4 Nf6 2. c4 e6 3. Nc3 Bb4 4. e3 O-O 5. Bd3 c5 6. Nf3 d5 7. O-O dxc4 8. Bxc4 cxd4 9. exd4 b6 10. a3 Bxc3 11. bxc3 Qc7 12. Ne5 Nbd7 13. Nxd7 Bxd7 14. Qe2 Rac8 15. Bd3 Qxc3 16. Bb2 Qa5 17. Rac1 Qg5 18. Rfd1 Nd5 19. Qe4 g6 20. Bf1 Bc6 21. Qf3 Ba8 22. Qg3 Qxg3 23. hxg3 Kg7 24. Ba6 Rxc1 25. Rxc1 Kf6 26.
a4 Rd8 27. Kh2 Ke7 28. Ba3+ Kf6 29. Bb2 h5 30. Kh3 Nb4 31. Bf1 Bd5 32. Rc7 Nc6 33. Bb5 Ne7 34. Rxa7 Rc8 35. Ba3 Nf5 36. Bd3 Rc3 37.
Bxf5 Kxf5 0-1

[Event "*** SCC Grand Prix: Titled Tuesday Blitz"]
[Site "Chess.com"]
[Date "2020.09.29"]
[Round "2"]
[White "sokidze"]
[Black "Sibelephant"]
[Result "0-1"]
[WhiteElo "2607"]
[BlackElo "3061"]
[TimeControl "180+1"]
[EndTime "10:16:36 PDT"]
[Termination "Sibelephant won on time"]

1. d4 Nf6 2. g3 d5 3. Nf3 c6 4. Bg2 Bf5 5. c4 e6 6. Nc3 Nbd7 7. Qb3 Qb6 8. c5 Qc7 9. Nh4 Bg6 10.
Nxg6 hxg6 11. Bf4 Qc8 12. Qc2 b6 13. cxb6 axb6 14. O-O Be7 15. e4 O-O 16. exd5 Nxd5 17. Nxd5 cxd5 18. Qb3 Bf6 19. Rfc1 Qa6 20. Rc7 Rfd8 21.
Be3 Qa4 22. Qxa4 Rxa4 23. b3 Ra3 24. Bf1 Nc5 25. dxc5 Bxa1 26. cxb6 Be5 27. Rc6 Rxa2 28. b7 Rb8 29. Rc8+ Kh7 30. Rxb8 Bxb8 31. Bf4 e5 32.
Bg5 Rb2 0-1

[Event "*** SCC Grand Prix: Titled Tuesday Blitz"]
[Site "Chess.com"]
[Date "2020.09.29"]
[Round "2"]
[White "Sesleria"]
[Black "Ural_bogatyr"]
[Result "0-1"]
[WhiteElo "2097"]
[BlackElo "2391"]
[TimeControl "180+1"]
[EndTime "10:16:36 PDT"]
[Termination "Ural_bogatyr won by resignation"]

1. e4 e5 2. Nf3 Nc6 3. Bb5 Bc5 4.
c3 Nf6 5. d4 Bb6 6. O-O O-O 7.
a4 a5 8. Bxc6 dxc6 9. Nxe5 Nxe4 10. Qf3 Nd6 11. Na3 c5 12. Nac4 Nxc4 13. Nxc4 Ba7 14. dxc5 Bxc5 15. Be3 Be7 16. Rad1 Qe8 17. Rfe1 Be6 18. b3 b5 19. axb5 Qxb5 20. Bd4 Qxb3 21. Qg3 f6 22. Ne3 Bd6 23. Qh4 a4 24. Rb1 Qa2 25. Ra1 Qd2 26. Rad1 Qb2 27. Rb1 a3 28.
Rxb2 axb2 29. Rb1 Ra1 30. Qe4 Ba2 31. g3 Bxb1 32. Qe6+ Kh8 33. Kg2 Ba2 34. c4 b1=Q 35. Bxa1 Qxa1 0-1

[Event "*** SCC Grand Prix: Titled Tuesday Blitz"]
[Site "Chess.com"]
[Date "2020.09.29"]
[Round "2"]
[White "abfchess"]
[Black "ChelsieMonica"]
[Result "1-0"]
[WhiteElo "2101"]
[BlackElo "2371"]
[TimeControl "180+1"]
[EndTime "10:16:36 PDT"]
[Termination "abfchess won by checkmate"]

1. d4 Nf6 2. Nf3 g6 3. Bg5 Bg7 4. Nbd2 h6 5. Bh4 g5 6. Bg3 h5 7.
Nxg5 h4 8. Bf4 c5 9. e3 cxd4 10. exd4 d5 11. c3 Nc6 12. Bd3 h3 13. g3 Bg4 14.
Qb3 Na5 15. Qa4+ Kf8 16. Ndf3 Ne4 17. Nxf7 Kxf7 18. Bxe4 dxe4 19. Ng5+ Kg6 20. Qc2 Qd5 21. Nxe4 Kh5 22. O-O Bh6 23. f3 Bf5 24. g4+ Kg6 25.
gxf5+ Kf7 26. Bxh6 Rxh6 27. Ng3 Rg8 28. Qe4 Qd6 29. Qe5 Qc6 30. Qxa5 Qd6 31. Qe5 Qc6 32. Rae1 Qd7 33. Kh1 Kf8 34. Qb8+ Kg7 35. Qe5+ Kf8 36. d5 Rd6 37. c4 b6 38. Rg1 Rf6 39. Ne4 Rxg1+ 40.
Rxg1 Qxf5 41. Qb8+ Kf7 42. Qg8# 1-0

[Event "*** SCC Grand Prix: Titled Tuesday Blitz"]
[Site "Chess.com"]
[Date "2020.09.29"]
[Round "2"]
[White "c_r_e_e_p_e_r"]
[Black "Shota_Azaladze"]
[Result "0-1"]
[WhiteElo "2345"]
[BlackElo "2655"]
[TimeControl "180+1"]
[EndTime "10:16:39 PDT"]
[Termination "Shota_Azaladze won by resignation"]

1. e4 g6 2. d4 Bg7 3. Nc3 c6 4.
f4 d5 5. e5 Nh6 6. Nf3 Bg4 7.
Be2 f6 8. O-O Qb6 9. Kh1 Nf5 10.
Na4 Qc7 11. Nc5 Qc8 12. c4 Nd7 13. Ne6 Kf7 14. Nfg5+ fxg5 15. Nxg5+ Kg8 16. Bxg4 dxc4 17. d5 Nb6 18. d6 exd6 19. exd6 Qd7 20. Qc2 Rf8 21.
Bh3 Qxd6 22. Bd2 h6 23. Ne4 Qd3 24. Qxd3 cxd3 25. Nc5 Nc4 26. Bb4 a5 27. Bc3 Bxc3 28. bxc3 d2 29. Rab1 b5 30. a4 Nfe3 31. axb5 cxb5 32.
Rxb5 Re8 33. Be6+ Rxe6 34. Nxe6 Nxf1 35. Rb7 Rh7 36. Rb8+ Kf7 37. Nd8+ Kf6 0-1

[Event "*** SCC Grand Prix: Titled Tuesday Blitz"]
[Site "Chess.com"]
[Date "2020.09.29"]
[Round "2"]
[White "oganromchess"]
[Black "ChessSkool"]
[Result "0-1"]
[WhiteElo "2457"]
[BlackElo "2706"]
[TimeControl "180+1"]
[EndTime "10:16:40 PDT"]
[Termination "ChessSkool won by resignation"]

1. e4 c6 2. Nc3 d5 3. Nf3 dxe4 4. Nxe4 Nf6 5. Qe2 Nxe4 6. Qxe4 Nd7 7. Bc4 Nf6 8. Qe2 e6 9. b3 b5 10. Bd3 Bb7 11.
Bb2 a6 12. O-O-O Nd5 13. Ne5 Nf4 14. Qg4 Nxd3+ 15. Nxd3 h5 16. Qg3 c5 17. Rhe1 Qd5 18.
Nf4 Qd7 19. Bxg7 Rg8 20. Nxh5 Bxg7 21. Nf6+ Bxf6 22. Qxg8+ Ke7 23. Qg4 a5 24. f4 a4 25.
b4 Qd5 26. d4 cxd4 27. Kb1 Rc8 28. f5 Qc4 29. Rd2 Bd5 0-1

[Event "*** SCC Grand Prix: Titled Tuesday Blitz"]
[Site "Chess.com"]
[Date "2020.09.29"]
[Round "2"]
[White "Skatchkov_V"]
[Black "Grineva_Marianna"]
[Result "1-0"]
[WhiteElo "2643"]
[BlackElo "2259"]
[TimeControl "180+1"]
[EndTime "10:16:41 PDT"]
[Termination "Skatchkov_V won on time"]

1. d4 f5 2. g3 Nf6 3. Bg2 g6 4. c4 Bg7 5. Nc3 d6 6. Nh3 O-O 7. O-O Qe8 8. d5 c6 9. Nf4 a5 10. Rb1 Bd7 11. b3 Na6 12. Bb2 Nc5 13. a3 g5 14. Nh3 h6 15. b4 axb4 16. axb4 Na6 17.
dxc6 Bxc6 18. Nd5 Qf7 19. Bxf6 Bxf6 20. b5 Bxd5 21. Bxd5 e6 22. bxa6 exd5 23. Rxb7 Qe8 24. Qxd5+ Kh8 25. Qxf5 Rf7 26. Qg6 Rxb7 27. axb7 Bg7 28.
bxa8=Q Qxa8 29. f4 Qa7+ 30. Kh1 Qb7+ 31. e4 Qc6 32.
fxg5 Qxc4 33. Qe8+ Qg8 34. Qxg8+ Kxg8 35. gxh6 Bxh6 36.
Nf4 Bg7 37. Ne6 Be5 38. h4 Kh7 39. h5 Kh6 40. g4 Bg3 41. Kg2 Be5 42. Rf7 Bc3 43.
Kh3 Be5 44. Kh4 1-0

[Event "*** SCC Grand Prix: Titled Tuesday Blitz"]
[Site "Chess.com"]
[Date "2020.09.29"]
[Round "2"]
[White "dianamirza"]
[Black "FM_VS99"]
[Result "0-1"]
[WhiteElo "1942"]
[BlackElo "2368"]
[TimeControl "180+1"]
[EndTime "10:16:41 PDT"]
[Termination "FM_VS99 won on time"]

1. d4 g6 2. e4 Bg7 3. f3 d6 4. Be3 c5 5. Ne2 Nc6 6. Nbc3 cxd4 7. Nxd4 Nf6 8. Nxc6 bxc6 9. Bc4 O-O 10. O-O Qc7 11. Qe2 Nd7 12. f4 a5 13. a4 Rb8 14. Rab1 Kh8 15.
f5 Ne5 16. fxg6 hxg6 17. Ba2 Ng4 18. Bxf7 Rxf7 19. Rxf7 Be6 20. Rxg7 Kxg7 21. Bd4+ Kh7 22. h3 Nf6 23. Qf2 Rf8 24. Qh4+ Kg7 25. Rf1 Qd8 26. e5 dxe5 27. Bxe5 Qd2 28. Ne4 Qe3+ 29.
Kh1 Bf5 30. Bxf6+ exf6 31. Ng3 Bxc2 32. Qg4 Kh6 33. Rf3 Qe1+ 34. Kh2 f5 35. Qh4+ Kg7 36. Qg5 Qe5 0-1

[Event "*** SCC Grand Prix: Titled Tuesday Blitz"]
[Site "Chess.com"]
[Date "2020.09.29"]
[Round "2"]
[White "GiantThresher"]
[Black "Riptide27"]
[Result "0-1"]
[WhiteElo "2766"]
[BlackElo "2520"]
[TimeControl "180+1"]
[EndTime "10:16:42 PDT"]
[Termination "Riptide27 won by resignation"]

1. d4 d5 2. c4 e6 3. Nf3 Nf6 4. g3 dxc4 5. Bg2 c5 6. O-O Nc6 7. dxc5 Qxd1 8. Rxd1 Bxc5 9. Nc3 O-O 10. Bg5 h6 11. Bxf6 gxf6 12. Nd2 Na5 13. Rac1 Be7 14. Nde4 Rb8 15. Nd6 Bxd6 16. Rxd6 b5 17. Ne4 Kg7 18.
Nc5 Rb6 19. Rcd1 b4 20. f4 c3 21. bxc3 bxc3 22. Rxb6 axb6 23. Na4 c2 24. Rc1 Bd7 25. Nxb6 Rb8 26. Rxc2 Rxb6 27. Kf2 Bc6 28. Bf1 Be4 29. Rc5 Nb7 30. Rc7 Nd6 31. Ke3 Ra6 32.
Rd7 f5 33. Kd4 Ra4+ 34. Kc3 Ne8 35. e3 Nf6 36. Rd2 Nd5+ 37. Kb3 Rb4+ 38. Ka3 Rb8 0-1

[Event "*** SCC Grand Prix: Titled Tuesday Blitz"]
[Site "Chess.com"]
[Date "2020.09.29"]
[Round "2"]
[White "OK97"]
[Black "szachuspl"]
[Result "1-0"]
[WhiteElo "2806"]
[BlackElo "2508"]
[TimeControl "180+1"]
[EndTime "10:16:44 PDT"]
[Termination "OK97 won by resignation"]

1. d4 Nf6 2. c4 g6 3. Nc3 Bg7 4. Nf3 O-O 5. g3 d6 6. Bg2 Nc6 7. O-O a6 8. d5 Na5 9. b3 c5 10.
dxc6 bxc6 11. c5 d5 12. Bf4 Nd7 13. Rc1 e5 14. Bg5 f6 15. Bd2 Re8 16. Nxd5 Nb7 17. Nb4 Qc7 18. Be3 a5 19. Nxc6 Qxc6 20. Nxe5 Nxe5 21.
Bxc6 Nxc6 22. Qd5+ Re6 23. Rfd1 Bf8 24. a3 Kg7 25.
Rb1 Ne7 26. Qc4 Rc6 27. b4 axb4 28. axb4 Bf5 29. Ra1 Rb8 30. b5 Rcc8 31. c6 Nd8 32. Ra7 Nf7 33. Bf4 Ra8 34. Rxa8 Rxa8 35. b6 Nxc6 36.
Qxc6 Rc8 37. Qb5 Be4 38. b7 Bxb7 39. Qxb7 1-0

[Event "*** SCC Grand Prix: Titled Tuesday Blitz"]
[Site "Chess.com"]
[Date "2020.09.29"]
[Round "2"]
[White "Guenplen"]
[Black "KingCrusher275"]
[Result "1-0"]
[WhiteElo "2875"]
[BlackElo "2546"]
[TimeControl "180+1"]
[EndTime "10:16:47 PDT"]
[Termination "Guenplen won by resignation"]

1. d4 d5 2. Bf4 Nf6 3. e3 c5 4. dxc5 Nc6 5. Bb5 e6 6. b4 a5 7. c3 Bd7 8. Nd2 axb4 9. Bxc6 Bxc6 10. cxb4 b6 11. cxb6 Bxb4 12. Bc7 Qe7 13. Nf3 O-O 14. O-O Ne8 15. Bg3 Ra6 16. a3 Bc5 17. Nb3 Bxb6 18. Nbd4 Bd7 19. Qd3 Ra4 20. Rfb1 Bc5 21. Rb7 Nf6 22. Nc6 Qe8 23. Rb8 Bxc6 24. Rxe8 Rxe8 25. Qc2 Nd7 26. Ng5 h6 27. Qh7+ Kf8 28. Nf3 Rxa3 29. Rxa3 Bxa3 30. Qh8+ Ke7 31. Qxg7 Kd8 32.
Qxf7 Be7 33. Qxe6 1-0

[Event "*** SCC Grand Prix: Titled Tuesday Blitz"]
[Site "Chess.com"]
[Date "2020.09.29"]
[Round "2"]
[White "katchesskat"]
[Black "Herracek"]
[Result "0-1"]
[WhiteElo "2258"]
[BlackElo "2637"]
[TimeControl "180+1"]
[EndTime "10:16:47 PDT"]
[Termination "Herracek won by resignation"]

1. c4 c5 2. Nf3 Nc6 3. e3 Nf6 4. a3 e6 5. Qc2 b6 6. b3 Bb7 7. Bb2 Be7 8. Be2 O-O 9. d3 d6 10.
Nbd2 Qc7 11. g4 e5 12. g5 Nd7 13. h4 a6 14. Rg1 b5 15. h5 b4 16. a4 Rad8 17. Nh4 f5 18. gxf6 Bxf6 19. Nf5 Ne7 20. Bg4 Nxf5 21. Bxf5 Bh4 22. d4 Bxf2+ 23. Kxf2 Rxf5+ 24. Qxf5 Rf8 25. Qxf8+ Nxf8 26. d5 Qf7+ 27. Ke2 Qxh5+ 28.
Nf3 Bc8 29. Rh1 Qg6 30. Nd2 Bg4+ 31. Kf2 Qc2 32. Bc1 Ng6 33. Kg3 h5 34. Rf1 Be2 35. Rf2 h4+ 36. Kh2 Qd1 37. Rg2 Bd3 38. Bb2 Qc2 39.
Nf3 Qxb3 40. Ng5 Bxc4 41. e4 Nf4 42. Rag1 Nxg2 43. Rxg2 Bf1 0-1

[Event "*** SCC Grand Prix: Titled Tuesday Blitz"]
[Site "Chess.com"]
[Date "2020.09.29"]
[Round "2"]
[White "ferdipy"]
[Black "PattyCastillo"]
[Result "1-0"]
[WhiteElo "2372"]
[BlackElo "1997"]
[TimeControl "180+1"]
[EndTime "10:16:47 PDT"]
[Termination "ferdipy won on time"]

1. e4 c5 2. d4 cxd4 3. c3 dxc3 4. Nxc3 Nc6 5. Bc4 e6 6. Nf3 Nge7 7. O-O Ng6 8. Be3 Bb4 9. Qe2 d6 10. Rfd1 Bxc3 11.
bxc3 Qc7 12. Rac1 O-O 13. Bd3 Nge5 14. Bb1 Nxf3+ 15. Qxf3 Ne5 16. Qg3 Rd8 17. Bh6 f6 18. f4 Ng6 19. f5 exf5 20. exf5 Ne5 21. c4 b6 22. Be4 Rb8 23. Bf4 Bb7 24. Bd5+ Bxd5 25.
cxd5 Qf7 26. Qa3 Rbc8 27. Rxc8 Rxc8 28. Qxd6 Re8 29. h3 Qh5 30. Rc1 Qxf5 31. Bg3 Qg5 32.
Rc3 h5 33. Qb4 Nd7 34. d6 Nc5 35. Qc4+ Kh8 36. Kh2 Rd8 37. Qd4 Qf5 38. Rf3 Qe6 39. Qh4 Qf7 40. Rf5 g6 41. Rxf6 Qg7 42. Be5 Kh7 43. Rf7 1-0

[Event "*** SCC Grand Prix: Titled Tuesday Blitz"]
[Site "Chess.com"]
[Date "2020.09.29"]
[Round "2"]
[White "checkmatequen"]
[Black "horripile"]
[Result "0-1"]
[WhiteElo "2297"]
[BlackElo "2648"]
[TimeControl "180+1"]
[EndTime "10:16:48 PDT"]
[Termination "horripile won by checkmate"]

1. e4 c5 2. Nf3 Nc6 3. d4 cxd4 4. Nxd4 e6 5. Nxc6 bxc6 6. Bd3 d5 7. O-O Nf6 8. Nd2 Be7 9. Qe2 a5 10. Re1 O-O 11. e5 Nd7 12. c3 Nc5 13. Bc2 Ba6 14. Qh5 Bd3 15. Bxd3 Nxd3 16. Re3 Nf4 17. Qg4 Ng6 18.
Nf3 Rb8 19. Rd3 Qc7 20. Qh5 f5 21. Ng5 Bxg5 22. Bxg5 Rf7 23. b3 Qxe5 24. Re3 Qd6 25. Rh3 Nf8 26. f4 e5 27. fxe5 Qxe5 28. Qh4 Re8 29.
Bd2 f4 30. Re1 Qb8 31. Rxe8 Qxe8 32. Bxf4 Qe4 33. Rf3 Ng6 34. Qd8+ Rf8 35. Qd6 Nxf4 36. Rf1 Qxg2# 0-1

[Event "*** SCC Grand Prix: Titled Tuesday Blitz"]
[Site "Chess.com"]
[Date "2020.09.29"]
[Round "2"]
[White "HanSchut"]
[Black "Eliwood44"]
[Result "1/2-1/2"]
[WhiteElo "2240"]
[BlackElo "2424"]
[TimeControl "180+1"]
[EndTime "10:16:48 PDT"]
[Termination "Game drawn by agreement"]

1. e4 e5 2. Nf3 Nc6 3. Bc4 Nf6 4. d4 exd4 5. e5 d5 6. Bb5 Ne4 7. Nxd4 Bc5 8. Be3 O-O 9. Nxc6 bxc6 10. Bxc5 Nxc5 11.
Bxc6 Rb8 12. Qxd5 Qe7 13. O-O Rd8 14. Qf3 Rxb2 15. Nc3 Be6 16. Rac1 Bc4 17. Rfe1 Ne6 18. Bd5 Bxd5 19. Nxd5 Qc5 20. Rcd1 Nd4 21. Qc3 Qxc3 22. Nxc3 Rxc2 23. Ne4 Rxa2 24. Kf1 h6 25. Nc5 Ra5 26. Nb7 Rad5 27. Nxd8 Rxd8 28. Ra1 Nc2 29. Red1 Re8 30. Rxa7 c5 31. Rc7 Rxe5 32. Rc1 Nb4 33. R7xc5 Re6 34. Rc8+ Kh7 35. g3 Rf6 36. Re1 Nd3 37. Re2 Rd6 38.
Kg2 f6 39. Rd2 Ne1+ 40. Kf1 Rxd2 41. Kxe1 Ra2 42. Kf1 1/2-1/2

[Event "*** SCC Grand Prix: Titled Tuesday Blitz"]
[Site "Chess.com"]
[Date "2020.09.29"]
[Round "2"]
[White "QuintilianoR"]
[Black "Belka1989"]
[Result "0-1"]
[WhiteElo "2621"]
[BlackElo "2268"]
[TimeControl "180+1"]
[EndTime "10:16:49 PDT"]
[Termination "Belka1989 won by resignation"]

1. d4 Nf6 2. c4 e5 3. dxe5 Ng4 4. Nf3 Bc5 5. e3 Nc6 6. Nc3 O-O 7. Be2 Re8 8. O-O Ngxe5 9. b3 Nxf3+ 10. Bxf3 Ne5 11.
Be2 a5 12. Bb2 Ra6 13. Na4 Ba7 14. Qd5 Rae6 15. Qxa5 Nc6 16. Qd5 Rh6 17. g3 d6 18.
Bf3 Ne5 19. Bxe5 Rxe5 20. Qd2 Qg5 21. Rfe1 Bg4 22. Bxb7 Qh5 23. h4 g5 24. c5 gxh4 25. f4 Re8 26. b4 hxg3 27. Qg2 Bh3 28. Qf3 Qh4 29. Qg2 Bxg2 0-1

[Event "*** SCC Grand Prix: Titled Tuesday Blitz"]
[Site "Chess.com"]
[Date "2020.09.29"]
[Round "2"]
[White "ChessWarrior3"]
[Black "Xeniya2005"]
[Result "1-0"]
[WhiteElo "2155"]
[BlackElo "2388"]
[TimeControl "180+1"]
[EndTime "10:16:49 PDT"]
[Termination "ChessWarrior3 won on time"]

1. e4 e6 2. d4 d5 3. Nc3 Bb4 4. e5 c5 5. a3 Bxc3+ 6. bxc3 Ne7 7. Qg4 O-O 8. h3 Nbc6 9. Bd3 f5 10. exf6 Rxf6 11. Qh5 g6 12. Qh4 Rf7 13. Nf3 Qc7 14. Ng5 Nf5 15. Bxf5 Rxf5 16. O-O Qe7 17. dxc5 Bd7 18.
Rb1 Rb8 19. g4 Rff8 20. f4 e5 21. Re1 e4 22. Be3 Na5 23. Bd4 Rbe8 24. Be5 Nc4 25. Rxb7 Nxe5 26. fxe5 Rd8 27. c6 Qc5+ 28. Kh1 Qe7 29.
cxd7 1-0

[Event "*** SCC Grand Prix: Titled Tuesday Blitz"]
[Site "Chess.com"]
[Date "2020.09.29"]
[Round "2"]
[White "ailime26"]
[Black "Kumi29"]
[Result "0-1"]
[WhiteElo "1851"]
[BlackElo "2364"]
[TimeControl "180+1"]
[EndTime "10:16:50 PDT"]
[Termination "Kumi29 won by resignation"]

1. e4 c5 2. Nf3 Nc6 3. d4 cxd4 4. Nxd4 e5 5. Nb5 d6 6. N1c3 a6 7. Na3 Be7 8. Nd5 Nf6 9. Nxf6+ Bxf6 10. g3 h5 11. Bg2 h4 12. c3 h3 13. Bf1 b5 14.
Nc2 Be6 15. Ne3 Rb8 16. Nd5 Bg5 17. f4 exf4 18. Nxf4 Ne5 19. Be2 Bc4 20. O-O Qb6+ 21. Kh1 Qc6 22. Nd5 Bxc1 23. Rxc1 Bxd5 24. exd5 Qc5 25. Qd2 Kf8 26. Rce1 Re8 27. b4 Qc8 28. Qd4 Rh6 29. Bd1 Kg8 30. Re4 Qd8 31. Rfe1 Qf6 32. Rf4 Qg6 33. Bg4 Rd8 34. Bf5 Qg5 35. Rxe5 dxe5 36.
Qxe5 g6 37. d6 gxf5 38. d7 Re6 39. Qc5 Re1+ 0-1

[Event "*** SCC Grand Prix: Titled Tuesday Blitz"]
[Site "Chess.com"]
[Date "2020.09.29"]
[Round "2"]
[White "SilviusTiberius"]
[Black "JuliaEfremova"]
[Result "0-1"]
[WhiteElo "2638"]
[BlackElo "2352"]
[TimeControl "180+1"]
[EndTime "10:16:51 PDT"]
[Termination "JuliaEfremova won by resignation"]

1. e4 d5 2. exd5 Qxd5 3. Nf3 Nf6 4. d4 Bg4 5. Be2 e6 6. h3 Bh5 7. O-O Be7 8. c4 Qd8 9. Nc3 c6 10. Qb3 Qb6 11. Be3 Nbd7 12. Qc2 Qc7 13. Rac1 O-O 14. Rfd1 Rfe8 15. Qd2 Qa5 16. Nd5 Qxd2 17. Nxe7+ Rxe7 18. Rxd2 Ne4 19. Rd3 Ndf6 20. g4 Bg6 21. Ne5 Rd8 22.
Nxg6 hxg6 23. Bf3 Nd6 24. Bf4 Red7 25. b3 Nde8 26. Rcd1 Nh7 27. g5 e5 28. Bxe5 Nxg5 29. Bg2 f6 30. Bg3 Nf7 31. h4 Ned6 32. Bh3 Nf5 33. h5 Ng5 34. Bg4 Rxd4 35. Bxf5 gxf5 36. Rxd4 Rxd4 37. Ra1 f4 38. Bh2 f3 39. Bg3 f5 40.
Kh2 Ne4 41. Bh4 Rd2 42. Kg1 Kh7 43. Re1 Kh6 44. Re3 Kxh5 45. Bg3 Kg4 46. Kf1 Rd1+ 47. Re1 Rxe1+ 48. Kxe1 Nxg3 49. fxg3 Kxg3 50. Kf1 f4 51. b4 f2 52. b5 g5 53. c5 cxb5 54. a4 bxa4 55. c6 bxc6 56. Ke2 Kg2 57. Kd3 f1=Q+ 58. Ke4 f3 59. Kf5 f2 60. Kg6 Qe2 0-1

[Event "*** SCC Grand Prix: Titled Tuesday Blitz"]
[Site "Chess.com"]
[Date "2020.09.29"]
[Round "2"]
[White "mortngabriel"]
[Black "The_Machine04"]
[Result "1-0"]
[WhiteElo "2451"]
[BlackElo "2278"]
[TimeControl "180+1"]
[EndTime "10:16:53 PDT"]
[Termination "mortngabriel won on time"]

1. e4 d6 2. d4 Nf6 3. Nc3 e5 4. Nge2 Nc6 5. h3 g6 6. g4 Bg7 7. Be3 d5 8. dxe5 Nxe5 9. Bg2 dxe4 10. Qxd8+ Kxd8 11. O-O-O+ Bd7 12. g5 Ne8 13. Nxe4 Kc8 14. Bd4 Bc6 15. f4 Nc4 16. h4 Bxd4 17. Nxd4 Bd5 18. Rhe1 c6 19. Bh3+ Kc7 20. Nb5+ Kb6 21. Nbc3 Nc7 22. b3 Na3 23. Na4+ Ka6 24. Bf1+ b5 25. Kb2 Kb7 26. Nac5+ Kb6 27. Kxa3 Rhe8 28. c4 bxc4 29. bxc4 Bxe4 30. Nxe4 Na6 31. c5+ 1-0

[Event "*** SCC Grand Prix: Titled Tuesday Blitz"]
[Site "Chess.com"]
[Date "2020.09.29"]
[Round "2"]
[White "kosya4ok"]
[Black "PSvidler"]
[Result "0-1"]
[WhiteElo "2584"]
[BlackElo "2947"]
[TimeControl "180+1"]
[EndTime "10:16:54 PDT"]
[Termination "PSvidler won by resignation"]

1. e4 c5 2. Nf3 d6 3. d4 cxd4 4.
Nxd4 Nf6 5. Nc3 a6 6. h3 e5 7. Nf3 Qc7 8. a4 h6 9. Bd3 Be6 10. O-O Nbd7 11. Re1 Be7 12. Bd2 O-O 13. a5 Nc5 14. Bf1 Qc6 15. Qe2 Rac8 16. b4 Ncd7 17.
Qe3 Bc4 18. Bd3 Rfe8 19. Nh4 d5 20. exd5 Nxd5 21. Nxd5 Qxd5 22. Be4 Qb5 23. Nf5 Bf8 24. Qg3 Kh8 25. c3 Nf6 26. Bc2 Rcd8 27. Ba4 Qd5 28. Bxe8 Qxd2 29. Ba4 Bd3 30. Rad1 Qxc3 31. Qxe5 Qxb4 32.
Bc2 Rd5 33. Qc7 Bxf5 34. Rxd5 Qxe1+ 35. Kh2 Nxd5 36. Qd8 Qe5+ 0-1

[Event "*** SCC Grand Prix: Titled Tuesday Blitz"]
[Site "Chess.com"]
[Date "2020.09.29"]
[Round "2"]
[White "exoticprincess"]
[Black "Anna_ChessMate"]
[Result "1-0"]
[WhiteElo "2899"]
[BlackElo "2567"]
[TimeControl "180+1"]
[EndTime "10:16:54 PDT"]
[Termination "exoticprincess won by resignation"]

1. b3 e5 2. Bb2 Nc6 3. Nf3 Bd6 4. e3 Nf6 5. d3 O-O 6. Nbd2 Re8 7. Be2 Qe7 8. O-O Ba3 9. Bxa3 Qxa3 10. c4 d5 11. cxd5 Nxd5 12. Qc1 Qe7 13. Qb2 Bg4 14. Rac1 Rad8 15.
Rfe1 Ndb4 16. Rc3 Nd5 17. Rc4 Bh5 18. a3 Bg6 19. Rcc1 Nf6 20. e4 Nd7 21. b4 a6 22.
h3 Nb6 23. Nb3 Nd7 24. Rc2 f6 25. Rec1 Bf7 26. Na5 Nxa5 27. bxa5 c5 28. Qxb7 Qd6 29. Qb1 Qc7 30. Rc3 Qxa5 31. Qc2 Rb8 32. Nd2 Qd8 33. Bg4 Be6 34. Nc4 Bxg4 35. hxg4 Re6 36. Ne3 Reb6 37. Nc4 R6b7 38. Qa2 Kf8 39. Nd6 Qe7 40. Nxb7 Rxb7 41.
Rb1 Rb5 42. a4 Rxb1+ 43. Qxb1 Qd6 44. Qb7 Qd4 45. Rb3 c4 46. dxc4 Ke7 47. Qd5 1-0

[Event "*** SCC Grand Prix: Titled Tuesday Blitz"]
[Site "Chess.com"]
[Date "2020.09.29"]
[Round "2"]
[White "belisarius64"]
[Black "TheCavemanChesss"]
[Result "1-0"]
[WhiteElo "2689"]
[BlackElo "2437"]
[TimeControl "180+1"]
[EndTime "10:16:54 PDT"]
[Termination "belisarius64 won on time"]

1. e4 c5 2. Nf3 d6 3. d4 cxd4 4.
Nxd4 Nf6 5. Nc3 a6 6. Be3 e5 7. Nf3 Be7 8. Nd2 Be6 9. Nc4 b5 10. Nb6 Ra7 11. a4 b4 12. Ncd5 O-O 13. Nc8 Bxd5 14.
exd5 Rc7 15. Nxe7+ Qxe7 16. a5 Nfd7 17. Ra4 Rfc8 18.
Rxb4 Rxc2 19. Bd3 R2c7 20. O-O Nc5 21. Bb1 g6 22. Rc4 Nbd7 23. b4 Nb7 24. Rxc7 Rxc7 25.
Bd3 Nd8 26. Bxa6 f5 27. f3 e4 28. f4 Rc3 29. Bd4 Ra3 30. Bb2 Ra2 31. Qd4 Rxb2 32.
Qxb2 e3 33. Re1 Nf6 34. Qd4 Ng4 35. h3 Qh4 36. Re2 1-0

[Event "*** SCC Grand Prix: Titled Tuesday Blitz"]
[Site "Chess.com"]
[Date "2020.09.29"]
[Round "2"]
[White "Nara_Kh"]
[Black "Margarita2907"]
[Result "0-1"]
[WhiteElo "2393"]
[BlackElo "2195"]
[TimeControl "180+1"]
[EndTime "10:16:54 PDT"]
[Termination "Margarita2907 won by checkmate"]

1. e4 c5 2. Nf3 d6 3. d4 cxd4 4. Nxd4 Nf6 5. Nc3 a6 6. h3 e6 7. g4 d5 8. exd5 Nxd5 9. Bg2 Nxc3 10. bxc3 Qc7 11. O-O Qxc3 12. Rb1 Qc7 13. Re1 Be7 14. Nf5 exf5 15. Ba3 O-O 16. Rxe7 Qa5 17. Rb3 Nc6 18. Bxc6 bxc6 19. Bb2 Be6 20. Qd4 Qe1+ 21. Kh2 f6 22.
gxf5 Rad8 23. Rxe6 Qf1 24. Qe3 Rd1 25. Qf3 Qg1# 0-1

[Event "*** SCC Grand Prix: Titled Tuesday Blitz"]
[Site "Chess.com"]
[Date "2020.09.29"]
[Round "2"]
[White "jens1102"]
[Black "AntonovaNadezhda"]
[Result "1-0"]
[WhiteElo "2380"]
[BlackElo "2065"]
[TimeControl "180+1"]
[EndTime "10:16:54 PDT"]
[Termination "jens1102 won by resignation"]

1. e4 c5 2. Nf3 d6 3. d4 cxd4 4. Nxd4 Nf6 5. Bd3 a6 6. O-O Nc6 7. Nxc6 bxc6 8. c4 e5 9. Nc3 Be7 10. Bg5 O-O 11. Qd2 Rb8 12. b3 h6 13. Bxf6 Bxf6 14.
Rad1 Bg5 15. Qe2 Qa5 16. Qc2 Be6 17. Ne2 Qb6 18. Kh1 a5 19. f4 exf4 20. Nxf4 Bg4 21.
Be2 Bxe2 22. Qxe2 Rbd8 23. Qg4 Rfe8 24. Nh3 Be7 25. Rd3 a4 26. Rdf3 Rf8 27. Nf4 Bg5 28.
Nh5 g6 29. Nf6+ Bxf6 30. Rxf6 Kg7 31. Qf3 Rd7 32. Rxg6+ Kxg6 33. Qf5+ Kg7 34. Qxd7 axb3 35. axb3 Qxb3 36. Qxd6 Qxc4 37. Qf6+ Kh7 38. Qf5+ Kg7 39.
h3 Qe6 40. Qf4 c5 41. Rf3 c4 42. e5 Rc8 43. Qg3+ Kf8 44. Rf6 Qd5 45. Qf4 Qd1+ 46. Kh2 c3 47. Rxf7+ Ke8 48. Rf8+ Kd7 49. Qf7+ Kc6 50.
Rxc8+ Kb5 51. Qb7+ 1-0